 Dungeon Crawl Stone Soup version 0.18-a0-1778-gadce9fa (webtiles) character file.

49555 4thArraOfDagon the Severer (level 14, -11/118 HPs)
             Began as a Hill Orc Berserker on Apr 16, 2016.
             Was a High Priest of Trog.
             Mangled by a spriggan rider
             ... wielding a +0 spear
              (21 damage)
             ... on level 8 of the Lair of Beasts.
             The game lasted 00:39:36 (6364 turns).

4thArraOfDagon the Severer (Hill Orc Berserker)     Turns: 6364, Time: 00:39:36

Health: -11/118    AC: 24    Str: 23      XL:     14   Next: 51%
Magic:  20/20      EV: 12    Int: 10 (11) God:    Trog [*****.]
Gold:   671        SH:  5    Dex: 13 (15) Spells: 0 memorised, 13 levels left

rFire  . . .     SeeInvis +     L - +5 war axe "Etzyucil" {freeze, rElec rC+ SInv}
rCold  + + .     Gourm    .     N - +5 chain mail of Midwinter {Regen+ Str-2 Dex+8 SInv}
rNeg   . . .     Faith    .     R - +2 buckler
rPois  .         Spirit   .     (helmet restricted)
rElec  +         Dismiss  .     f - +0 cloak
rCorr  .         Reflect  .     D - +0 pair of gloves
SustAt .         Harm     +     (no boots)
MR     +++..                    W - amulet of harm
Stlth  ..........               l - ring "Yddaqed" {+Blink rC+ EV+1 Int+4 SInv}
                                t - +3 ring of evasion

@: lethally poisoned (-11 -> -13), exhausted, regenerating, slowed, very slow,
extremely resistant to hostile enchantments, extremely unstealthy
A: antennae 1, rough black scales 1, blurry vision 1, clumsy 1, frail 1
a: Berserk, Trog's Hand, Brothers in Arms, Burn Spellbooks, Renounce Religion,
Evoke Blink


You were on level 8 of the Lair of Beasts.
You worshipped Trog.
Trog was extremely pleased with you.
You were hungry.

You visited 3 branches of the dungeon, and saw 25 of its levels.
You also visited: Bailey.

You collected 1500 gold pieces.
You spent 829 gold pieces at shops.

Inventory:

Hand Weapons
 u - a +0 war axe
 C - a +2 broad axe of chopping
 J - a +0 battleaxe
 L - the +5 war axe "Etzyucil" (weapon) {freeze, rElec rC+ SInv}
   (You bought it in a shop on level 2 of the Orcish Mines)

   It has been specially enchanted to freeze those struck by it, causing extra
   injury to most foes and up to half again as much damage against particularly
   susceptible opponents.
   It can also slow down cold-blooded creatures.
   It protects you from cold.
   It insulates you from electricity.
   It lets you see invisible.
 V - a +4 antimagic battleaxe
Armour
 f - a +0 cloak (worn)
 D - a +0 pair of gloves (worn)
 E - a +2 chain mail of fire resistance
 H - a +2 chain mail of cold resistance
 K - a +0 chain mail of poison resistance
 N - the +5 chain mail of Midwinter (worn) {Regen+ Str-2 Dex+8 SInv}
   (You found it on level 2 of the Lair of Beasts)

   It affects your strength (-2).
   It affects your dexterity (+8).
   It lets you see invisible.
   It increases your rate of regeneration.
 R - a +2 buckler (worn)
Rods
 s - a +2 rod of ignition (9/9)
   (You found it on level 9 of the Dungeon)
Jewellery
 a - an uncursed ring of stealth
 l - the ring "Yddaqed" (right hand) {+Blink rC+ EV+1 Int+4 SInv}
   (You found it on level 8 of the Lair of Beasts)

   [ring of evasion]

   It affects your evasion (+1).
   It affects your intelligence (+4).
   It protects you from cold.
   It lets you see invisible.
   It lets you blink.
 o - an uncursed ring of positive energy
 q - an uncursed ring of protection from magic
 t - a +3 ring of evasion (left hand)
 W - an amulet of harm (around neck)
Wands
 i - a wand of heal wounds (5/9)
 k - a wand of flame (17/48)
 p - a wand of polymorph (11/24)
 r - a wand of lightning (4/15)
 I - a wand of disintegration (14/24)
 M - a wand of disintegration (13/24)
 P - a wand of lightning (7/15)
 Q - a wand of paralysis (8/24)
 Z - a wand of polymorph (6/24)
Scrolls
 d - 5 scrolls of teleportation
 e - 2 scrolls of enchant armour
 n - a scroll of immolation
 v - a scroll of enchant weapon
 w - 5 scrolls of remove curse
 x - a scroll of noise
 F - 2 scrolls of magic mapping
 G - a scroll of fog
 X - a scroll of blinking
Potions
 g - 2 potions of brilliance
 h - a potion of ambrosia
 S - a potion of beneficial mutation
Books
 y - a book of Party Tricks

   Spells                             Type                      Level
   a - Summon Butterflies             Summoning                    1
   b - Apportation                    Translocation                1
   c - Tukima's Dance                 Hexes                        3
   d - Alistair's Intoxication        Transmutation/Poison         5
   e - Invisibility                   Hexes                        6
   Trog disapproves of the use of such an item.
Miscellaneous
 j - a plain deck of defence
 m - a lamp of fire
 T - a fan of gales
Comestibles
 b - 9 meat rations
 c - 11 bread rations
 z - 2 royal jellies
 A - 13 fruits
 O - 4 chunks of flesh
 U - 2 beef jerkies


   Skills:
 + Level 14.1 Fighting
 * Level 20.1 Axes
 + Level 12.8 Armour
 - Level 1.5 Dodging
 - Level 8.2 Evocations


You had 13 spell levels left.
You didn't know any spells.

Dungeon Overview and Level Annotations

Branches:
Dungeon (15/15)            Temple (0/1) D:7            Lair (8/8) D:11
  Swamp (0/4) Lair:3          Orc (2/2) D:9             Elf (0/3) Orc:2
  Snake: Lair:3-6    Spider: Lair:3-6     Slime: Lair:6-8    Vaults: D:13-14
 Depths: D:15

Altars:
Dithmenos
Elyvilon
Gozag
Okawaru
Ru
Trog
Vehumet
Zin
The Shining One
Beogh

Shops:
D:13 ?   Orc:1 *   Orc:2 [=(*

Annotations:
D:9 1 runed door
Lair:2 exclusion: upstairs
Lair:7 exclusion: upstairs


Innate Abilities, Weirdness & Mutations

You have a pair of small antennae on your head.
You are partially covered in rough black scales (AC +4, Dex -1).
Scrolls take you a little longer to read.
You are clumsy. (Dex -2)
You are frail (-10% HP).


Message History

The spriggan hits you but does no damage.
Unknown command.
Unknown command.
Your iron troll goes berserk!
You feel somewhat more hungry.
You feel very sick.
Your troll closely misses the basilisk.
Your troll misses the basilisk.
Your troll claws the basilisk but does no damage.
Your troll's attack snaps the basilisk out of its fear.
The redback bites you but does no damage.
The basilisk bites your troll.
The spriggan rider hits you from afar with a spear!
* * * LOW HITPOINT WARNING * * *
Your troll bites the basilisk.
Your troll barely misses the basilisk.
Your troll completely misses the basilisk.
The spriggan hits you with a rapier.
* * * LOW HITPOINT WARNING * * *
The redback closely misses you. The basilisk barely misses your troll.
The spriggan rider hits you from afar with a spear!
You die...

...
♣.........PPPPP.....
♣♣♣
#♣###........PPPYPP...
♣♣ ♣.. #.......##P..PP
..P ...P#......#.##...
....
....P.............
....
..........†.......
...#
..........i..YTl.. ..#
#........siY......
...P
#........†@Y......
....
.........††.T.....
....
..................
....
..P...............
.P..
PPP#...P.......#..
P.## PP.#.............
.P. P...............
.......P.......


You could see a spriggan rider, 4 yaks, a basilisk, a redback, a spriggan, a
friendly iron troll (berserk) and a friendly troll (berserk).

Vanquished Creatures
  2 orc warlords
  Snorg (Orc:2)
  A catoblepas (D:14)
  2 centaur warriors (D:13)
  6 death yaks
  2 orc high priests (Orc:2)
  Nergalle (Lair:2)
  An unseen horror (D:11)
  A hill giant (D:13)
  4 orc knights (Orc:2)
  3 orc sorcerers
  An ugly thing (D:12)
  A manticore (D:14)
  11 elephants
  A black mamba (Lair:8)
  A torpor snail (Lair:4)
  3 rime drakes
  7 spiny frogs
  A centaur skeleton (D:13)
  3 komodo dragons
  2 trolls
  A spriggan druid (Lair:8)
  A merfolk (D:11)
  6 polar bears
  2 two-headed ogres
  4 blink frogs (Lair:5)
  A wraith (D:13)
  10 spriggans (Lair:8)
  A wyvern (shapeshifter) (D:14)
  3 redbacks (Lair:8)
  34 yaks
  A human (D:11)
  A golden eye (D:11)
  3 hippogriffs
  5 wargs
  A soldier ant (D:14)
  12 water moccasins
  Duvessa (D:7)
  24 orc warriors
  5 porcupines
  3 black bears
  An ice beast (D:8)
  A necrophage (D:11)
  2 sky beasts
  2 wasps (Lair:8)
  12 ogres
  30 wolves
  17 centaurs
  3 crocodiles
  A big kobold (D:11)
  4 giant frogs
  3 scorpions
  Dowan (D:7)
  A killer bee (D:9)
  6 wights
  4 howler monkeys (D:11)
  6 crimson imps
  3 centaur zombies
  3 giant frog zombies
  A quasit (D:10)
  11 orc priests
  2 hounds (D:9)
  15 orc wizards
  2 iguanas
  13 worker ants
  5 sheep (Lair:4)
  A hound zombie (D:7)
  2 hound skeletons (D:8)
  A worker ant zombie (D:10)
  4 gnolls (D:6)
  9 adders
  31 river rats
  A shadow imp (D:8)
  2 adder skeletons
  An adder zombie (D:5)
  A worm (D:5)
  A giant gecko (D:9)
  46 orcs
  A ball python (D:8)
  4 giant cockroaches
  7 goblins
  A hobgoblin (D:2)
  3 kobolds
  2 quokkas
  A giant cockroach zombie (D:5)
  A giant gecko skeleton (D:5)
  A giant gecko zombie (D:5)
  2 giant newts
  A quokka zombie (D:7)
  2 rats (D:2)
449 creatures vanquished.

Vanquished Creatures (collateral kills)
  An orc sorcerer (Orc:2)
  A troll (Orc:2)
  An orc (Orc:2)
3 creatures vanquished.

Vanquished Creatures (others)
  An ogre (D:12)
  4 fungi
5 creatures vanquished.

Grand Total: 457 creatures vanquished

Notes
Turn   | Place    | Note
--------------------------------------------------------------
     0 | D:1      | 4thArraOfDagon the Hill Orc Berserker began the quest for the Orb.
     0 | D:1      | Reached XP level 1. HP: 19/19 MP: 1/1
   110 | D:2      | Found a radiant altar of Vehumet.
   113 | D:2      | Reached XP level 2. HP: 21/27 MP: 2/2
   179 | D:4      | Reached XP level 3. HP: 26/33 MP: 3/3
   227 | D:5      | Entered Level 5 of the Dungeon
   310 | D:6      | Noticed a centaur
   346 | D:5      | Reached skill level 5 in Axes
   360 | D:5      | Reached XP level 4. HP: 27/41 MP: 4/4
   416 | D:5      | Reached XP level 5. HP: 27/47 MP: 5/5
   445 | D:5      | Found a shadowy altar of Dithmenos.
   445 | D:5      | Noticed an ogre
   471 | D:5      | Killed an ogre
   471 | D:5      | Reached skill level 6 in Axes
   489 | D:5      | Noticed an ogre
   530 | D:5      | Reached skill level 5 in Fighting
   530 | D:5      | Reached XP level 6. HP: 48/56 MP: 6/6
   532 | D:5      | Reached skill level 7 in Axes
   658 | D:6      | Reached XP level 7. HP: 17/61 MP: 7/7
   660 | D:6      | Reached skill level 8 in Axes
   681 | D:7      | Noticed Duvessa
   747 | D:6      | Reached ** piety under Trog
   816 | D:7      | Found a staircase to the Ecumenical Temple.
   872 | D:7      | Reached skill level 5 in Armour
   953 | D:7      | Found a flagged portal.
   970 | Bailey   | Entered a bailey
   974 | Bailey   | Noticed Ijustatesigmund's ghost (novice TrHu)
   975 | Bailey   | :(
  1005 | D:7      | (
  1058 | D:7      | Found a glowing golden altar of the Shining One.
  1060 | D:7      | Noticed Dowan
  1070 | D:7      | Killed Dowan
  1070 | D:7      | Reached skill level 9 in Axes
  1070 | D:7      | Reached XP level 8. HP: 70/70 MP: 8/8
  1073 | D:7      | Killed Duvessa
  1073 | D:7      | Reached skill level 1 in Evocations
  1309 | D:8      | Found an opulent altar of Gozag.
  1314 | D:8      | Found a sacrificial altar of Ru.
  1341 | D:8      | Found an iron altar of Okawaru.
  1341 | D:8      | Found a bloodstained altar of Trog.
  1341 | D:8      | Found a glowing silver altar of Zin.
  1401 | D:9      | Found a white marble altar of Elyvilon.
  1465 | D:9      | Identified a +2 rod of ignition (9/9) (You found it on level 9 of the Dungeon)
  1506 | D:9      | Found a runed door.
  1508 | D:9      | Found a runed door.
  1517 | D:9      | Reached skill level 10 in Axes
  1582 | D:9      | Reached XP level 9. HP: 66/79 MP: 11/11
  1587 | D:9      | Found a staircase to the Orcish Mines.
  1619 | D:9      | Reached *** piety under Trog
  1729 | D:8      | Gained mutation: You are frail (-10% HP). [mutagenic meat]
  1730 | D:8      | Lost mutation: You are frail (-10% HP). [mutagenic meat]
  1731 | D:8      | Gained mutation: You are frail (-10% HP). [mutagenic meat]
  1735 | D:8      | Gained mutation: You are partially covered in rough black scales (AC +4, Dex -1). [mutagenic meat]
  1736 | D:8      | Gained mutation: You are clumsy. (Dex -2) [mutagenic meat]
  1737 | D:8      | Gained mutation: Scrolls take you a little longer to read. [mutagenic meat]
  1786 | Orc:1    | Entered Level 1 of the Orcish Mines
  1786 | Orc:1    | Noticed an orc warlord
  1834 | D:10     | Entered Level 10 of the Dungeon
  1898 | D:10     | Reached skill level 11 in Axes
  1929 | D:11     | Noticed a two-headed ogre
  1938 | D:11     | Killed a two-headed ogre
  1938 | D:11     | Reached skill level 5 in Evocations
  2007 | D:11     | Reached XP level 10. HP: 79/79 MP: 14/14
  2083 | D:11     | Reached skill level 12 in Axes
  2267 | D:11     | Found a staircase to the Lair.
  2338 | D:13     | Noticed a hill giant
  2347 | D:13     | Killed a hill giant
  2486 | D:13     | Reached skill level 13 in Axes
  2561 | D:13     | Noticed a five-headed hydra
  2589 | D:14     | Noticed a manticore
  2599 | D:14     | Killed a manticore
  2599 | D:14     | Reached **** piety under Trog
  2599 | D:14     | Reached XP level 11. HP: 86/86 MP: 15/17
  2638 | D:15     | Entered Level 15 of the Dungeon
  2658 | D:15     | Noticed a lindwurm
  2658 | D:15     | a komodo dragon changed into a lindwurm
  2659 | D:15     | a lindwurm changed into a wind drake
  2660 | D:15     | Noticed a hell hog
  2660 | D:15     | a wind drake changed into a hell hog
  2661 | D:15     | Noticed an ice dragon
  2661 | D:15     | a hell hog changed into an ice dragon
  2665 | D:15     | Noticed a hill giant
  2704 | D:14     | Noticed a catoblepas
  2724 | D:14     | WHY
  2748 | D:14     | Killed a catoblepas
  2781 | D:13     | Noticed a centaur warrior
  2794 | D:13     | Killed a centaur warrior
  2825 | D:14     | Reached skill level 14 in Axes
  2843 | D:14     | Reached skill level 10 in Fighting
  2978 | D:13     | Noticed a centaur warrior
  2982 | D:13     | Found Tutuj's Magic Scroll Shop.
  2992 | D:13     | Killed a centaur warrior
  3041 | D:13     | Bought a scroll of enchant armour for 135 gold pieces
  3041 | D:13     | Bought a scroll of blinking for 135 gold pieces
  3041 | D:13     | Bought a scroll of identify for 36 gold pieces
  3041 | D:13     | Bought a scroll of identify for 36 gold pieces
  3041 | D:13     | Bought a scroll of fog for 36 gold pieces
  3048 | D:12     | Noticed a cyan ugly thing
  3068 | D:12     | Killed a cyan ugly thing
  3078 | D:12     | Gained mutation: You have a pair of small antennae on your head. [mutagenic meat]
  3128 | D:12     | Noticed a six-headed hydra
  3181 | D:11     | Killed an unseen horror
  3181 | D:11     | Reached skill level 15 in Axes
  3308 | D:9      | Killed an orc warlord
  3308 | D:9      | Reached XP level 12. HP: 74/98 MP: 18/18
  3505 | Orc:1    | Found Xeneu's General Store.
  3712 | Orc:2    | Entered Level 2 of the Orcish Mines
  3712 | Orc:2    | Noticed Snorg
  3723 | Orc:2    | Killed Snorg
  3723 | Orc:2    | Reached skill level 10 in Armour
  3855 | Orc:2    | Reached skill level 16 in Axes
  4091 | Orc:2    | Noticed an orc high priest
  4093 | Orc:2    | Noticed a soul eater
  4105 | Orc:2    | Killed an orc high priest
  4338 | Orc:2    | Found a roughly hewn altar of Beogh.
  4344 | Orc:2    | Found Miubofej's General Store.
  4344 | Orc:2    | Noticed an orc warlord
  4354 | Orc:2    | Reached skill level 17 in Axes
  4362 | Orc:2    | Killed an orc warlord
  4387 | Orc:2    | Reached XP level 13. HP: 21/106 MP: 19/19
  4420 | Orc:2    | Found Howohoz's Jewellery Shoppe.
  4438 | Orc:2    | Found Enawecva's Antique Armour Shoppe.
  4445 | Orc:2    | GODLIKE
  4449 | Orc:2    | SHOPS
  4449 | Orc:2    | ctrlq
  4449 | Orc:2    | die repeat
  4453 | Orc:2    | Found Ilusov's Antique Weapon Shoppe.
  4461 | Orc:2    | Bought a crude war axe for 212 gold pieces
  4465 | Orc:2    | Identified the +5 war axe "Etzyucil" {freeze, rElec rC+ SInv} (You bought it in a shop on level 2 of the Orcish Mines)
  4478 | Orc:2    | Bought a wand of disintegration (13/24) for 187 gold pieces
  4602 | Orc:2    | Found a staircase to the Elven Halls.
  4741 | Orc:1    | Bought a scroll of magic mapping for 52 gold pieces
  4863 | Lair:1   | Entered Level 1 of the Lair of Beasts
  4937 | Lair:2   | Noticed Nergalle
  4966 | Lair:2   | WORST POSSIBLE
  4979 | Lair:2   | Killed Nergalle
  5018 | Lair:2   | Got a faintly humming chain mail
  5029 | Lair:2   | Identified the +5 chain mail of Midwinter {Regen+ Str-2 Dex+8 SInv} (You found it on level 2 of the Lair of Beasts)
  5029 | Lair:2   | MEH
  5225 | Lair:3   | Reached skill level 18 in Axes
  5410 | Lair:4   | Reached ***** piety under Trog
  5463 | Lair:3   | Found a staircase to the Swamp.
  5563 | Lair:5   | jacquesderrida: HAI
  5598 | Lair:5   | jacquesderrida: !pizza ALL DA MANS
  5686 | Lair:6   | jacquesderrida: beem a broke
  5744 | Lair:6   | beem: I am beem. For help, type: !beem help
  5780 | Lair:7   | Reached skill level 19 in Axes
  5902 | Lair:8   | Entered Level 8 of the Lair of Beasts
  5994 | Lair:8   | Reached XP level 14. HP: 77/115 MP: 20/20
  6037 | Lair:8   | Received a gift from Trog
  6141 | Lair:8   | Got a steaming amber ring
  6149 | Lair:8   | Identified the ring "Yddaqed" {+Blink rC+ EV+1 Int+4 SInv} (You found it on level 8 of the Lair of Beasts)
  6338 | Lair:8   | Reached skill level 20 in Axes
  6364 | Lair:8   | Mangled by a spriggan rider

Vault maps used:
D:1:      erik_arrival_blinker_ship
D:2:      vehumet_crystals
D:3:      lemuel_doored_altar
D:4:      nicolae_overflow_crystal_walls, hangedman_decor_points
D:5:      nicolae_dithmenos_the_darkroom, first_bread
D:7:      lemuel_crystal_altar, lemuel_round_altar, minmay_temple_entry_glass,
          enter_bailey_3, ashenzari_altar_1, uniq_duvessa
D:8:      minitemple, serial_shops, shop
D:9:      lemuel_insect_pit, lemuel_crystal_altar, grunt_pakellas_basics,
          orc_0_dummy
D:11:     lair_0_dummy, serial_shops, shop_fountains, hangedman_stone_soup
D:12:     minmay_goldmine, serial_shops, nicolae_shop_waterfront,
          grunt_ministairs_13, lemuel_statue_altar
D:13:     grunt_vaults_entry_fortified, serial_shops,
          nicolae_shop_temple_entry_statues_fountains, serial_bayou_pond_a
D:14:     serial_shops, shop, minivault_11, minmay_misc_feat_hallway
D:15:     grunt_enter_depths_snipers
Lair:1:   beast_lair_carwin_6, grunt_megastairs_1
Lair:2:   lemuel_fruit_fields, lemuel_fruit_fields, uniq_nergalle
Lair:3:   cheibrodos_magma_flow, swamp_mist_pool, spider_nest_entry_funnel_web
Lair:4:   st_stairs_3, forest_entry_grove
Lair:5:   tgw_fedhas, lemuel_fruit_fields
Lair:6:   lemuel_fruit_tree, grunt_megastairs_2
Lair:7:   boulder_quad_collide, minmay_slime_entry_oklob_enclosed,
          minmay_lair_drake_nest
Lair:8:   minmay_lair_end_enchanted_forest, grunt_megastairs_5
Orc:1:    serial_shops, nicolae_shop_stone, nicolae_orc_bridge_out,
          hangedman_minor_magic, uniq_josephine
Orc:2:    grunt_orc_cross, uniq_snorg
Bailey:   bailey_axe_4, bailey

Skill      XL: |  1  2  3  4  5  6  7  8  9 10 11 12 13 14 |
---------------+-------------------------------------------+-----
Fighting       | 4 5 6 7 8 9 11 12 13 14 | 14.1
Axes           | 5 6 7 9 10 11 13 15 17 19 20 | 20.1
Armour         | 3 4 5 6 7 8 9 10 12 | 12.8
Evocations     | 3 6 8 |  8.2
Dodging        | |  1.5

Action                   |  1- 3 |  4- 6 |  7- 9 | 10-12 | 13-15 || total
-------------------------+-------+-------+-------+-------+-------++-------
Melee: Hand axe          |    41 |    22 |   209 |       |       ||   272
       War axe           |       |       |    75 |   281 |   404 ||   760
       Battleaxe         |       |       |       |   202 |    12 ||   214
Invok: Berserk           |     3 |     5 |    11 |    23 |     8 ||    50
       Trog's Hand       |       |       |     7 |    20 |    12 ||    39
       Brothers in Arms  |       |       |       |     1 |     2 ||     3
Evoke: Wand              |       |       |       |     6 |     3 ||     9
       Rod               |       |       |       |     2 |       ||     2
  Use: Potion            |       |     3 |     1 |     1 |     2 ||     7
       Scroll            |       |       |     7 |     5 |     8 ||    20
 Stab: Sleeping          |     1 |       |       |       |       ||     1
       Invisible         |       |     2 |       |       |       ||     2
  Eat: Chunk             |       |     7 |    24 |    34 |    16 ||    81
       Fruit             |       |       |       |     1 |       ||     1
       Beef jerky        |       |       |       |     1 |       ||     1
       Pizza             |       |       |       |       |     1 ||     1
Armor: Animal skin       |     9 |     3 |       |       |       ||    12
       Chain mail        |       |     1 |   179 |   181 |   252 ||   613
       Plate armour      |       |       |       |   117 |    43 ||   160
Dodge: Dodged            |    34 |    20 |   154 |   227 |   272 ||   707
Block: Buckler           |       |       |       |       |    13 ||    13
